 Dungeon Crawl Stone Soup version 0.17-a0-1079-g9903972 (webtiles) character file.

41 Jine the Skirmisher (level 3, 0/29 HPs)
             Began as a Human Abyssal Knight on May 19, 2015.
             Was a Believer of Lugonu.
             Succumbed to an adder's poison
             ... on level 1 of the Dungeon.
             The game lasted 00:05:25 (1513 turns).

Jine the Skirmisher (Human Abyssal Knight)          Turns: 1513, Time: 00:05:25

Health: 0/29       AC:  6    Str: 13    XL:     3   Next: 75%
Magic:  4/4        EV: 10    Int: 12    God:    Lugonu [**....]
Gold:   73         SH:  0    Dex: 12    Spells: 0 memorised, 2 levels left

rFire  . . .     SeeInvis .     a - +1 mace
rCold  . . .     Clarity  .     e - +0 ring mail
rNeg   . . .     SustAb   .     (no shield)
rPois  .         Gourm    .     (no helmet)
rElec  .         Spirit   .     (no cloak)
rCorr  .         Warding  .     d - +0 pair of gloves
rMut   .         Stasis   .     (no boots)
MR     .....                    (no amulet)
Stlth  +.........               (no ring)
                                (no ring)

@: lethally poisoned (0 -> -4), not resistant to hostile enchantments, very
unstealthy
A: no striking features
a: Depart the Abyss, Bend Space, Renounce Religion


You were on level 1 of the Dungeon.
You worshipped Lugonu.
Lugonu was pleased with you.
You were not hungry.

You visited 1 branch of the dungeon, and saw 2 of its levels.
You visited the Abyss 1 time.

You collected 73 gold pieces.

Inventory:

Hand weapons
 a - a +1 mace (weapon)
 h - a +2 dagger of speed
Armour
 b - a +0 leather armour
 d - a +0 pair of gloves (worn)
 e - a +0 ring mail (worn)
Jewellery
 f - an uncursed ring of see invisible {unknown}
Magical devices
 j - a wand of confusion (31)
Scrolls
 g - 2 scrolls of identify {unknown}
Comestibles
 c - a bread ration
 i - a meat ration


   Skills:
 + Level 3.6 Fighting
 * Level 2.6 Maces & Flails
 + Level 2.2 Armour
 + Level 1.3 Dodging
 + Level 2.1 Invocations


You had 2 spell levels left.
You didn't know any spells.

Dungeon Overview and Level Annotations

Branches:
Dungeon (2/15)

Altars:
Cheibriados

Annotations:
D:1 Ijyb
D:2 Robin


Message History

The adder bites you but does no damage.
Ijyb screams, "You nasty!
Big nasty!"
The adder bites you but does no damage.
You enter the shallow water.
Moving in this stuff is going to be slow.
The adder bites you.
* * * LOW HITPOINT WARNING * * *
You are poisoned.
The adder poisons you! The adder bites you.
* * * LOW HITPOINT WARNING * * *
* * * LOW HITPOINT WARNING * * *
You feel sick. The adder closely misses you.
A giant cockroach comes into view.
You hit the plant.
The plant is lightly damaged.
* * * LOW HITPOINT WARNING * * *
You feel sick. The adder barely misses you. Ijyb closely misses you.
The adder closely misses you. The adder closely misses you.
You die...

######....####...################
...........................÷)g..S
######....#######################
# #....# #<...P#..## # #....#
#.≈P.≈.P..##### # ######
#≈≈≈.≈....P...### #
#SPgP.....≈....(## # #
#P.....P........P### #
#.P@.≈..≈..≈.≈..P##. #
#..P...P...P.....≈.. #
#......P≈....P...... #
#P..sP....P.P....... #
#..≈.P..≈.P...≈.....
#.≈...≈P..≈PP......#
#.P....PPP.P...##..#
#.P##≈≈.P≈.##≈.##.## #
###.≈≈≈≈≈≈#≈≈≈###.##


You could see Ijyb, an adder and a giant cockroach.

Vanquished Creatures
  An adder (D:2)
  2 bats (D:1)
  A giant cockroach (D:1)
  10 hobgoblins
  5 kobolds
  A ball python (D:2)
  A giant newt (D:1)
  3 goblins (D:2)
  7 rats (D:1)
31 creatures vanquished.

Notes
Turn   | Place    | Note
--------------------------------------------------------------
     0 | Abyss:1  | Jine the Human Abyssal Knight began the quest for the Orb.
     0 | Abyss:1  | Reached XP level 1. HP: 18/18 MP: 2/2
    31 | Abyss:1  | Noticed a profane servitor
    31 | D:1      | Escaped the Abyss
   261 | D:1      | Reached XP level 2. HP: 24/24 MP: 3/3
   583 | D:1      | Reached XP level 3. HP: 21/29 MP: 4/4
   684 | D:1      | Found a snail-covered altar of Cheibriados.
   880 | D:2      | Acquired Lugonu's second power
  1198 | D:2      | Noticed Robin
  1208 | D:2      | Noticed Ijyb
  1511 | D:1      | HP: 1/29 [poisoned by an adder]
  1513 | D:1      | Succumbed to an adder's poison

Vault maps used:
D:1:      lemuel_arrival_muddy, cheibriados_altar_1
D:2:      uniq_robin, uniq_iyjb

Action                   || total
-------------------------++-------
Melee: Mace              ||    96
Invok: Bend Space        ||     2
  Eat: Bread ration      ||     1
